 Dungeon Crawl Stone Soup version 0.18-a0-1562-gac8da35 (webtiles) character file.

480 M4edhros the Sneak (level 7, 0/43 HPs)
             Began as an Octopode Artificer on Mar 13, 2016.
             Slain by an orc warrior
             ... wielding a +1 falchion of electrocution
              (21 damage)
             ... on level 4 of the Dungeon.
             The game lasted 00:03:16 (2297 turns).

M4edhros the Sneak (Octopode Artificer)             Turns: 2297, Time: 00:03:17

Health: 0/43       AC:  1    Str: 10    XL:     7   Next: 11%
Magic:  10/10      EV: 14    Int: 15    God:    Xom [...*..]
Gold:   132        SH:  0    Dex: 14    Spells: 0 memorised, 6 levels left

rFire  . . .     SeeInvis .     s - +2 dagger (chaos)
rCold  . . .     Gourm    .     (no shield)
rNeg   . . .     Faith    .     (helmet restricted)
rPois  .         Spirit   .     (no amulet)
rElec  .         Dismiss  .     (no ring)
rCorr  .         Reflect  .     (no ring)
SustAt .         Harm     .     (no ring)
MR     .....                    (no ring)
Stlth  +++++.....               (no ring)
                                (no ring)
                                (no ring)
                                (no ring)

@: very slightly contaminated, invisible (expiring), not resistant to hostile
enchantments, quite stealthy
A: almost no armour, amphibious, 8 rings, constrict 8, camouflage 1, blurry
vision 1, gelatinous body 1
a: Renounce Religion


You were on level 4 of the Dungeon.
You worshipped Xom.
You were a favourite toy of Xom.
You were not hungry.

You visited 1 branch of the dungeon, and saw 4 of its levels.

You collected 132 gold pieces.

Inventory:

Hand Weapons
 a - a +0 short sword
 j - a +1 spear of venom
 s - a +2 dagger of chaos (weapon)
Jewellery
 e - an uncursed ring of flight {unknown}
Wands
 b - a wand of flame (15/48)
 c - a wand of enslavement (4/24)
 d - a wand of random effects (15/48)
 t - a wand of flame (27/48)
Scrolls
 g - 2 scrolls of identify {unknown}
 h - 2 scrolls of remove curse {unknown}
 i - a scroll of enchant armour {unknown}
 l - 3 scrolls of enchant weapon {unknown}
 n - a scroll of random uselessness {unknown}
 p - a scroll of recharging {unknown}
 q - a scroll of noise {unknown}
Potions
 m - a potion of curing
Comestibles
 f - 2 bread rations
 o - a fruit
 u - a chunk of flesh


   Skills:
 - Level 1.0 Fighting
 - Level 1.0 Short Blades
 + Level 4.1 Dodging
 * Level 7.4 Stealth
 + Level 5.0 Evocations


You had 6 spell levels left.
You didn't know any spells.

Dungeon Overview and Level Annotations

Branches:
Dungeon (4/15)
 Temple: D:4-7

Altars:
Xom


Innate Abilities, Weirdness & Mutations

You cannot wear most types of armour.
You are amphibious.
You can wear up to eight rings at the same time.
You can use your tentacles to constrict eight enemies at once.
Your skin changes colour to match your surroundings (Stealth).
Your rubbery body absorbs attacks (AC +1).
Scrolls take you a little longer to read.


Message History

a giant club x2; an ogre corpse The orc warrior is no longer charmed.
There is a stone staircase leading down here.
The orc warrior shouts!
You hit the orc warrior. You grab the orc warrior.
The orc warrior is almost dead.
You constrict the orc warrior, but do no damage.
The orc warrior escapes!
You hit the orc warrior but do no damage.
You grab the orc warrior.
You squeeze the orc warrior, but do no damage.
The orc warrior is almost dead.
You flicker for a moment.
You constrict the orc warrior, but do no damage.
You hit the orc warrior. You burn the orc warrior.
The orc warrior is almost dead.
You constrict the orc warrior, but do no damage.
The orc warrior hits you with a falchion of electrocution!!
You die... "This toy is broken."

###### #....#
#..).#
###....#
#...@..#
#...o..#
##......#####.
#.!.>.........
#......###.#
#.#......#.#
###.##.###.#.#
.......)))<..#
.....#.#######


You could see an orc warrior (wandering).

Vanquished Creatures
  Sigmund (D:2)
  The ghost of M4edhros the Sneak, an amateur OpAr (D:4)
  4 crimson imps (D:3)
  A gnoll (D:4)
  2 adders
  A worm (D:3)
  2 dart slugs (D:1)
  3 giant geckos
  6 orcs
  2 giant cockroaches (D:3)
  4 goblins
  8 hobgoblins
  2 kobolds
  2 ball pythons
  8 bats
  2 giant newts
  5 rats
54 creatures vanquished.

Vanquished Creatures (collateral kills)
  An orc wizard (D:4)
  3 gnolls (D:4)
  An orc (D:4)
  A giant cockroach (D:4)
6 creatures vanquished.

Vanquished Creatures (others)
  2 ogres (D:4)
  A giant frog (D:4)
3 creatures vanquished.

Grand Total: 63 creatures vanquished

Notes
Turn   | Place    | Note
--------------------------------------------------------------
     0 | D:1      | M4edhros the Octopode Artificer began the quest for the Orb.
     0 | D:1      | Reached XP level 1. HP: 13/13 MP: 3/3
   135 | D:1      | Reached skill level 2 in Stealth
   135 | D:1      | Reached XP level 2. HP: 18/18 MP: 4/4
   382 | D:1      | Reached skill level 3 in Stealth
   487 | D:1      | Reached XP level 3. HP: 21/23 MP: 5/5
   635 | D:2      | Noticed Sigmund
   641 | D:2      | Killed Sigmund
   641 | D:2      | Reached skill level 5 in Stealth
   641 | D:2      | Reached XP level 4. HP: 21/28 MP: 5/7
   641 | D:2      | Reached XP level 5. HP: 24/33 MP: 5/8
   911 | D:3      | Found a shimmering altar of Xom.
   922 | D:3      | Reached XP level 6. HP: 38/38 MP: 9/9
   923 | D:3      | Became a worshipper of Xom of Chaos
   929 | D:3      | Reached skill level 6 in Stealth
  1129 | D:3      | XOM: silly message
  1401 | D:3      | XOM: god gift: leather armour {god gift}
  1704 | D:3      | XOM: medium Summ miscast
  1705 | D:3      | Noticed a neqoxec
  1707 | D:3      | Gained mutation: Scrolls take you a little longer to read. [a neqoxec]
  1937 | D:3      | XOM: cast spell 'Ice Form'
  2130 | D:3      | XOM: 1-stop teleportation journey
  2150 | D:3      | XOM: polymorph goblin -> giant cockroach
  2209 | D:3      | XOM: divination: detect creatures
  2213 | D:3      | Found a faded altar to an unknown god.
  2232 | D:4      | XOM: noise
  2246 | D:4      | XOM: potion effect (heal wounds)
  2265 | D:4      | Noticed M4edhros's ghost (amateur OpAr)
  2267 | D:4      | Reached skill level 7 in Stealth
  2269 | D:4      | Noticed an orc warrior
  2279 | D:4      | Killed M4edhros's ghost
  2279 | D:4      | Reached skill level 5 in Evocations
  2279 | D:4      | Reached XP level 7. HP: 19/43 MP: 10/10
  2297 | D:4      | Slain by an orc warrior

Vault maps used:
D:1:      lightli_arrival_maybe_door_vault, grunt_decor_arrowhead,
          hangedman_decor_push
D:2:      lemuel_coloured_pillars_altar, grunt_qazlal_clouds, uniq_iyjb,
          uniq_sigmund
D:3:      led_xom_imps, ecumenical_altar_1, first_bread
D:4:      lemuel_round_altar

Skill      XL: |  1  2  3  4  5  6 |
---------------+-------------------+-----
Stealth        | 2 3 5 7 |  7.4
Dodging        | 3 4 |  4.1
Evocations     | 4 5 |  5.0
Fighting       | |  1.0
Short Blades   | |  1.0

Action                   |  1- 3 |  4- 6 |  7- 9 || total
-------------------------+-------+-------+-------++-------
Melee: Short sword       |    36 |    47 |       ||    83
       Dagger            |       |    26 |     3 ||    29
Evoke: Wand              |       |    11 |       ||    11
  Use: Potion            |       |     4 |       ||     4
 Stab: Sleeping          |    12 |    11 |       ||    23
       Invisible         |       |     1 |       ||     1
  Eat: Chunk             |       |     4 |       ||     4
